 Dungeon Sprint DCSS version 0.13.2 (webtiles) character file.

6888 sanboga the Blocker (level 10, -26/133 (138) HPs)
             Began as a Minotaur Fighter on Mar 2, 2017.
             Was a High Priest of Okawaru.
             Killed from afar by a purple draconian (27 damage)
             ... with a bolt of dispelling energy
             ... in the Dungeon (Sprint V: "Ziggurat Sprint").
             The game lasted 00:22:04 (1527 turns).

sanboga the Blocker (Minotaur Fighter)              Turns: 1527, Time: 00:22:05

HP -26/133 (138) AC 34     Str 33      XL: 10   Next: 78%
MP   6/6         EV 10     Int  5      God: Okawaru [*****.]
Gold 20          SH 40     Dex 18      Spells:  0 memorised,  9 levels left

Res.Fire  : . . .   See Invis. : .   M - +9 Sword of Zonguldrok {reap, Curse}
Res.Cold  : . . .   Warding    : .   N - +15 Maxwell's patent armour {rCorr, Cons, -Cast -Tele MR+}
Life Prot.: + . .   Conserve   : +   O - +6 shield of the gong {rElec rN+ MR+}
Res.Poison: .       Res.Corr.  : +   (helmet restricted)
Res.Elec. : +       Clarity    : +   (no cloak)
Sust.Abil.: . .     Spirit.Shd : .   c - +2 pair of bracers {archer}
Res.Mut.  : .       Prev.Telep.: +   (no boots)
Res.Rott. : .       Flight     : .   a - amulet of clarity
Saprovore : . . .                    F - +6 ring of dexterity
                                     I - cursed +6 ring of strength

@: berserking (expiring), quick, extremely resistant to hostile enchantments,
extremely unstealthy
A: retaliatory headbutt, horns 2, slowness 1
a: Heroism, Finesse, Renounce Religion


You were in the Dungeon.
You worshipped Okawaru.
Okawaru was extremely pleased with you.
You were not hungry.

You visited 1 branch

Inventory:

Hand weapons
 K - a +5,+5 demon blade
 L - the +4,+8 shillelagh "Devastator" (quivered)
   (You found it in the Dungeon)
 M - the cursed +9,+9 Sword of Zonguldrok (weapon) {reap, Curse}
   (You found it in the Dungeon)

   If a monster killed with it leaves a corpse in good enough shape, the corpse
   will be animated as a zombie friendly to the killer.
   It may recurse itself.
   It has a curse placed upon it.
Armour
 c - a +2 pair of bracers of archery (worn)
 N - the cursed +15 Maxwell's patent armour (worn) {rCorr, Cons, -Cast -Tele MR+}
   (You found it in the Dungeon)

   It affects your resistance to hostile enchantments.
   It prevents spellcasting.
   It prevents most forms of teleportation.
   It has a curse placed upon it.
 O - the +6 shield of the gong (worn) {rElec rN+ MR+}
   (You found it in the Dungeon)

   It insulates you from electricity.
   It protects you from negative energy.
   It affects your resistance to hostile enchantments.
Magical devices
 y - a wand of disintegration (5)
 B - a wand of fire (7)
 C - a wand of cold (3)
 D - a wand of draining (4)
Comestibles
 d - 5 bread rations
 z - 37 strawberries
 A - 3 meat rations
Scrolls
 j - 4 scrolls of blinking
 r - 4 scrolls of amnesia
 s - a scroll of recharging
 t - 6 scrolls of fog
 u - a scroll of holy word
 v - 5 scrolls of identify
 w - 5 scrolls of remove curse
 x - a scroll of fear
Jewellery
 a - an amulet of clarity (around neck)
 b - an uncursed ring of protection from cold
 f - the ring of Xawkuovvoo {Regen Str-2 Int-3}
   (You found it in the Dungeon)

   [ring of regeneration]

   It affects your strength (-2).
   It affects your intelligence (-3).
 E - a cursed +6 ring of dexterity
 F - a +6 ring of dexterity (right hand)
 G - a +6 ring of intelligence
 H - a cursed +6 ring of intelligence
 I - a cursed +6 ring of strength (left hand)
 J - a +6 ring of strength
 S - the ring of Umusiosm {Regen +Inv +Fly}
   (You found it in the Dungeon)

   [ring of regeneration]

   It lets you turn invisible.
   It lets you fly.
 T - an uncursed ring of positive energy
 V - the ring "Plithoso" {Fire Dam+5}
   (You found it in the Dungeon)

   [ring of fire]

   It affects your damage-dealing abilities (+5).
Potions
 e - 9 potions of curing
 g - 6 potions of speed
 h - 7 potions of magic
 k - 2 potions of brilliance
 l - 2 potions of invisibility
 m - 2 potions of restore abilities
 n - 4 potions of resistance
 o - a potion of experience
 p - 5 potions of agility
 q - 4 potions of might
Books
 P - a book of Control

   Spells                             Type                      Level
   Control Teleport                   Charms/Translocation         4
   Control Undead                     Necromancy                   4
   Enslavement                        Hexes                        4
   Mass Confusion                     Hexes                        6
   Metabolic Englaciation             Hexes/Ice                    6
 Q - a Young Poisoner's Handbook

   Spells                             Type                      Level
   Sting                              Conjuration/Poison           1
   Cure Poison                        Poison                       2
   Mephitic Cloud                     Conjuration/Poison/Air       3
   Olgreb's Toxic Radiance            Poison                       4
   Venom Bolt                         Conjuration/Poison           5
 U - a book of the Sky

   Spells                             Type                      Level
   Flight                             Charms/Air                   3
   Airstrike                          Air                          4
   Silence                            Hexes/Air                    5
   Deflect Missiles                   Charms/Air                   6
   Conjure Ball Lightning             Conjuration/Air              7
   Tornado                            Air                          9
 W - the Catalogue of Enhancements
   (You found it in the Dungeon)

   Spells                             Type                      Level
   Infusion                           Charms                       1
   Flight                             Charms/Air                   3
   Song of Shielding                  Charms                       4
   Warp Weapon                        Charms/Translocation         5
   Haste                              Charms                       6
 X - Sif Muna's Volume of the Escort
   (You found it in the Dungeon)

   Spells                             Type                      Level
   Call Imp                           Summoning                    2
   Abjuration                         Summoning                    3
   Summon Dragon                      Summoning                    9
Miscellaneous
 R - an ornate deck of destruction


   Skills:
 + Level 13.0 Fighting
 + Level 11.7 Long Blades
   Level 5.9 Axes
 + Level 13.9 Armour
 + Level 8.0 Dodging
 + Level 1.1 Stealth
 + Level 18.2 Shields
 + Level 2.3 Evocations


You had 9 spell levels left.
You didn't know any spells.

Dungeon Overview and Level Annotations

Branches:
Dungeon (1/1)

Altars:
Ashenzari
Cheibriados
Elyvilon
Fedhas
Kikubaaqudgha
Makhleb
Nemelex Xobeh
Okawaru
Sif Muna
Trog
Vehumet
Xom
Yredelemnul
Zin
the Shining One
Beogh
Jiyva
Lugonu


Innate Abilities, Weirdness & Mutations

You reflexively headbutt those who attack you in melee.
You have a pair of horns on your head.
You cover ground slowly.


Message History

The pale draconian is lightly wounded.
The purple draconian hits you but does no damage.
The pale draconian breathes steam at you.
You block the ball of steam.
GONNNNG!
The purple draconian zombie closely misses you.
You slice the pale draconian!!
Your headbutt misses the pale draconian.
The pale draconian is moderately wounded.
You are engulfed in a cloud of scalding steam.
The draconian barely misses you. You block the draconian's attack.
BOUMMMMG!
The white draconian barely misses you. You furiously retaliate!
You headbutt the white draconian.
The mottled draconian hits you but does no damage.
You block the pale draconian's attack.
BONNNG!
The purple draconian breathes energy at you.
The bolt of dispelling energy hits you!
You die...

#....)....#...(...#
###################
#...8©8...#
#..}[.....#
#...}[|)..#
#.........#
#....d....#
#...ddd...#
#..dd@d...#
#.#.dz..#.#
#.........#
###########


You could see a mottled draconian, a purple draconian, a white draconian, a pale
draconian, 4 draconians and a purple draconian zombie.

Vanquished Creatures
  A purple draconian (D)
  An orc high priest (D)
  An elf (shapeshifter) (D)
  A deep elf conjurer (D)
  A cyclops (D)
  A harpy (D)
  A shining eye (D)
  A deep elf summoner (D)
  A demonic crawler (D)
  A hellwing (D)
  An ancient zyme (D)
  A harpy zombie (D)
  A blue devil (D)
  A komodo dragon (shapeshifter) (D)
  A jumping spider (shapeshifter) (D)
  A troll (shapeshifter) (D)
  A basilisk (D)
  A tarantella (D)
  3 merfolk (D)
  A neqoxec (D)
  An ugly thing (D)
  A hippogriff (D)
  A deep elf fighter (D)
  A hell hound (D)
  A cyclops zombie (D)
  An insubstantial wisp (D)
  A hippogriff zombie (D)
  An elf zombie (D)
  4 orc priests (D)
  An iron imp (D)
  2 orc wizards (D)
  A scorpion (D)
  An orange rat (D)
  A sheep (D)
  3 mummies (D)
  A giant centipede (D)
  A lemure (D)
  A white imp (D)
  A giant mite (D)
  A shadow imp (D)
  18 ufetubi (D)
  A giant centipede zombie (D)
  A goblin zombie (D)
  A kobold zombie (D)
69 creatures vanquished.

Vanquished Creatures (others)
  A deep elf high priest (D)
  A deep elf priest (D)
  2 ufetubi (D)
  A sheep zombie (D)
  An adder zombie (D)
6 creatures vanquished.

Grand Total: 75 creatures vanquished

Notes
Turn   | Place    | Note
--------------------------------------------------------------
     0 | D        | sanboga, the Minotaur Fighter, began the quest for the Orb.
     0 | D        | Reached XP level 1. HP: 19/19 MP: 0/0
     1 | D        | Found an ancient bone altar of Kikubaaqudgha.
     1 | D        | Found a white marble altar of Elyvilon.
     2 | D        | Found an iron altar of Okawaru.
     2 | D        | Found a burning altar of Makhleb.
     4 | D        | Found a radiant altar of Vehumet.
     4 | D        | Found a deep blue altar of Sif Muna.
     4 | D        | Found a basalt altar of Yredelemnul.
     4 | D        | Found a sparkling altar of Nemelex Xobeh.
    10 | D        | Found a bloodstained altar of Trog.
    25 | D        | Found a shimmering altar of Xom.
   104 | D        | Became a worshipper of Warmaster Okawaru
   126 | D        | Entered arena 1.
   126 | D        | Noticed a harpy
   126 | D        | Noticed a basilisk
   133 | D        | Killed a basilisk
   133 | D        | Acquired Okawaru's first power
   133 | D        | Reached skill level 7 in Fighting
   133 | D        | Reached skill level 8 in Armour
   133 | D        | Reached XP level 2. HP: 27/27 MP: 0/0
   133 | D        | Reached XP level 3. HP: 34/34 MP: 1/1
   133 | D        | Reached XP level 4. HP: 41/41 MP: 1/1
   133 | D        | Reached XP level 5. HP: 48/48 MP: 1/1
   135 | D        | Killed a harpy
   135 | D        | Reached skill level 9 in Fighting
   135 | D        | Reached skill level 5 in Axes
   135 | D        | Reached skill level 10 in Armour
   135 | D        | Reached skill level 1 in Dodging
   135 | D        | Reached skill level 10 in Shields
   135 | D        | Reached XP level 6. HP: 55/58 MP: 2/2
   135 | D        | Reached XP level 7. HP: 60/64 MP: 2/2
   136 | D        | Noticed a harpy zombie
   139 | D        | Killed a harpy zombie
   142 | D        | Got the cursed ring "Voar" {-Tele rN+ MR++ Str+1 Dex-3}
   146 | D        | Entered arena 2.
   146 | D        | Noticed a scorpion
   150 | D        | Killed a scorpion
   164 | D        | Entered arena 3.
   164 | D        | Noticed a hell hound
   168 | D        | Killed a hell hound
   168 | D        | Reached skill level 10 in Fighting
   168 | D        | Reached skill level 11 in Armour
   177 | D        | Entered arena 4.
   195 | D        | Entered arena 5.
   195 | D        | Noticed an ancient zyme
   195 | D        | Noticed an iron imp
   195 | D        | Noticed an insubstantial wisp
   199 | D        | Killed an iron imp
   202 | D        | Killed an ancient zyme
   206 | D        | Reached skill level 5 in Long Blades
   215 | D        | Killed an insubstantial wisp
   215 | D        | Reached skill level 12 in Shields
   215 | D        | Reached XP level 8. HP: 59/74 MP: 2/2
   225 | D        | Entered arena 6.
   225 | D        | Noticed an orc priest
   225 | D        | Noticed an orc priest
   225 | D        | Noticed an orc priest
   225 | D        | Noticed an orc wizard
   225 | D        | Noticed an orc priest
   225 | D        | Noticed an orc wizard
   234 | D        | Killed an orc priest
   237 | D        | Killed an orc priest
   238 | D        | Killed an orc priest
   240 | D        | Killed an orc priest
   242 | D        | Killed an orc wizard
   248 | D        | Killed an orc wizard
   454 | D        | Entered arena 7.
   454 | D        | Noticed a merfolk
   454 | D        | Noticed a hippogriff
   454 | D        | Noticed a cyclops
   454 | D        | Noticed a merfolk
   454 | D        | Noticed a merfolk
   465 | D        | Killed a merfolk
   470 | D        | Killed a merfolk
   470 | D        | Reached skill level 13 in Shields
   472 | D        | Killed a hippogriff
   474 | D        | Killed a cyclops
   474 | D        | Reached skill level 1 in Stealth
   474 | D        | Reached XP level 9. HP: 44/82 MP: 3/3
   485 | D        | Killed a merfolk
   485 | D        | Reached skill level 14 in Shields
   491 | D        | Got the ring of Umusiosm {Regen +Inv +Fly}
   693 | D        | Entered arena 8.
   693 | D        | Noticed a purple ugly thing
   693 | D        | Noticed a troll
   693 | D        | Noticed a neqoxec
   693 | D        | Noticed an octopode
   693 | D        | Noticed an elf
   693 | D        | Noticed a boring beetle
   693 | D        | Noticed a shining eye
   695 | D        | Gained mutation: You cover ground slowly. [a shining eye]
   696 | D        | an octopode changed into a yak
   698 | D        | Noticed a death drake
   698 | D        | a boring beetle changed into a death drake
   699 | D        | Killed a troll
   702 | D        | Killed a shining eye
   702 | D        | Reached skill level 5 in Dodging
   702 | D        | Reached skill level 15 in Shields
   704 | D        | Killed a purple ugly thing
   707 | D        | Killed a neqoxec
   713 | D        | Noticed a red wasp
   713 | D        | a death drake changed into a red wasp
   717 | D        | Noticed a lindwurm
   717 | D        | a red wasp changed into a lindwurm
   720 | D        | a lindwurm changed into a komodo dragon
   727 | D        | Killed an elf
   727 | D        | Reached skill level 10 in Long Blades
   727 | D        | Reached skill level 16 in Shields
   727 | D        | Reached skill level 1 in Evocations
   727 | D        | Reached XP level 10. HP: 50/88 MP: 3/4
  1114 | D        | Got the ring "Plithoso" {Fire Dam+5}
  1116 | D        | Identified the Catalogue of Enhancements
  1124 | D        | Entered arena 9.
  1124 | D        | Noticed a deep elf high priest
  1124 | D        | Noticed a deep elf summoner
  1124 | D        | Noticed a deep elf conjurer
  1124 | D        | Noticed a deep elf fighter
  1124 | D        | Noticed a deep elf priest
  1124 | D        | Noticed an orc high priest
  1128 | D        | Killed a deep elf fighter
  1134 | D        | Killed a deep elf high priest
  1134 | D        | Killed a deep elf priest
  1139 | D        | Killed a deep elf conjurer
  1139 | D        | Acquired Okawaru's second power
  1139 | D        | Reached skill level 17 in Shields
  1143 | D        | Killed an orc high priest
  1155 | D        | Killed a deep elf summoner
  1155 | D        | HP: 4/89 [ufetubus[an orc high priest] (4)]
  1497 | D        | Got the ring of Xawkuovvoo {Regen Str-2 Int-3}
  1499 | D        | Identified Sif Muna's Volume of the Escort
  1503 | D        | Entered arena 10.
  1503 | D        | Noticed a draconian
  1503 | D        | Noticed a purple draconian
  1503 | D        | Noticed a mottled draconian
  1503 | D        | Noticed a draconian
  1503 | D        | Noticed a white draconian
  1503 | D        | Noticed a purple draconian
  1503 | D        | Noticed a draconian
  1503 | D        | Noticed a pale draconian
  1503 | D        | Noticed a draconian
  1520 | D        | Killed a purple draconian
  1520 | D        | Reached skill level 18 in Shields
  1524 | D        | HP: 1/133 [purple draconian/bolt of dispelling energy (25)]
  1527 | D        | Killed from afar by a purple draconian

Action                   |  1- 3 |  4- 6 |  7- 9 | 10-12 || total
-------------------------+-------+-------+-------+-------++-------
Melee: Double sword      |     6 |     1 |    94 |    61 ||   162
Evoke: Wand              |       |       |     2 |     7 ||     9
  Use: Potion            |     1 |       |     6 |     8 ||    15
       Scroll            |       |       |     1 |     3 ||     4
 Stab: Distracted        |       |       |     1 |       ||     1
